 Dungeon Crawl Stone Soup version 0.21.1-1-g345015f (webtiles) character file.

28 Iko the Caller (level 3, 0/28 HPs)
             Began as a Human Wanderer on May 11, 2018.
             Was an Initiate of Okawaru.
             Slain by a gnoll
             ... wielding a +0 spear
              (5 damage)
             ... on level 3 of the Dungeon.
             The game lasted 00:08:55 (729 turns).

Iko the Caller (Human Wanderer)                      Turns: 729, Time: 00:08:55

Health: 0/28       AC:  8    Str: 12    XL:     3   Next: 30%
Magic:  4/4        EV:  5    Int: 15    God:    Okawaru [......]
Gold:   88         SH:  0    Dex: 14    Spells: 4/4 levels left

rFire    x . .     SeeInvis .   c - +0 short sword
rCold    + . .     Gourm    .   (no shield)
rNeg     . . .     Faith    .   j - +0 chain mail
rPois    .         Spirit   .   (no helmet)
rElec    .         Reflect  .   (no cloak)
rCorr    .         Harm     .   (no gloves)
MR       .....                  (no boots)
Stlth    ..........             (no amulet)
HPRegen  0.09/turn              e - ring of ice
MPRegen  0.09/turn              h - ring of flight

@: no status effects
A: agile 1, clever 1
a: Renounce Religion, Evoke Flight


You were on level 3 of the Dungeon.
You worshipped Okawaru.
Okawaru was noncommittal.
You were not hungry.

You visited 1 branch of the dungeon, and saw 3 of its levels.

You collected 88 gold pieces.

Inventory:

Hand Weapons
 c - a +0 short sword (weapon)
Armour
 j - a +0 chain mail (worn)
Jewellery
 e - a ring of ice (left hand)
 h - a ring of flight (right hand)
Scrolls
 d - a scroll of fear
Books
 a - a book of Minor Magic

   Spells                             Type                      Level
   a - Magic Dart                     Conjuration                  1
   b - Blink                          Translocation                2
   c - Call Imp                       Summoning                    2
   d - Slow                           Hexes                        2
   e - Conjure Flame                  Conjuration/Fire             3
   f - Mephitic Cloud                 Conjuration/Poison/Air       3
 b - the Handbook of the Mountains

   Spells                             Type                      Level
   a - Sandblast                      Earth                        1
   b - Stone Arrow                    Conjuration/Earth            3
Comestibles
 f - 2 rations


   Skills:
 + Level 2.7 Fighting
 + Level 1.1 Short Blades
 + Level 2.4 Throwing
 + Level 1.0 Spellcasting
   Level 1.1 Conjurations
   Level 4.0 Summonings


You had 4 spell levels left.
You didn't know any spells.

Dungeon Overview and Level Annotations

Branches:
Dungeon (3/15)

Altars:
Okawaru


Innate Abilities, Weirdness & Mutations

You are agile. (Dex +2)
Your mind is acute. (Int +2)


Message History

Your memory of Magic Dart unravels.
You stop training Conjurations.
A giant cockroach and a gnoll come into view.
The gnoll shouts!
You hear a shout!
A rat comes into view.
The gnoll hits you from afar with a spear.
* * * LOW HITPOINT WARNING * * *
The giant cockroach waves its antennae.
A gnoll comes into view.
A gnoll comes into view. It is wielding a club.
You hear the slow rusting of a distant drain.
The gnoll hits you with a spear.
* * * LOW HITPOINT WARNING * * *
You hit the gnoll.
The gnoll is heavily wounded.
The giant cockroach waves its antennae.
The gnoll hits you but does no damage.
You hit the gnoll.
The gnoll is severely wounded.
The gnoll hits you with a spear.
You die...

#..........#
g#
#..........#
.g
#..........#
#.
#r.........#
#.# #.g......#
.. #..r...# #.
#. ###.#
#..#.#####...#
#....@gsr.###
##.#####..# #
#..###.#
#......#
###.##..##
#...# ..# #
#(### ..# #.
#.# ...#
#.##.# ##. #.#


You could see a gnoll, a giant cockroach and a rat.

Vanquished Creatures
  2 adders (D:2)
  A bat (D:2)
  2 goblins (D:1)
  2 hobgoblins
  A kobold (D:1)
  A frilled lizard (D:1)
  A rat (D:2)
10 creatures vanquished.

Notes
Turn   | Place    | Note
-------+----------+-------------------------------------------
     0 | D:1      | Iko the Human Wanderer began the quest for the Orb.
     0 | D:1      | Iko set off with: a book of Minor Magic, the Handbook of the Mountains, a +0 short sword, a +0 robe, a ration
     0 | D:1      | Reached XP level 1. HP: 16/16 MP: 2/2
     2 | D:1      | Learned a level 1 spell: Magic Dart
   424 | D:1      | Reached XP level 2. HP: 15/22 MP: 0/3
   561 | D:2      | Gained mutation: You are agile. (Dex +2) [potion of mutation]
   561 | D:2      | Gained mutation: Your mind is acute. (Int +2) [potion of mutation]
   580 | D:2      | Found an iron altar of Okawaru.
   622 | D:2      | Became a worshipper of Warmaster Okawaru
   662 | D:2      | Reached skill level 1 in Conjurations
   662 | D:2      | Reached XP level 3. HP: 3/28 MP: 1/4
   729 | D:3      | Slain by a gnoll

Skill      XL: |  1  2 |
---------------+-------+-----
Conjurations   | 1 |  1.1
Fighting       | |  2.7
Short Blades   | |  1.1
Throwing       | |  2.4
Spellcasting   | |  1.0
Summonings     | |  4.0

Action                   || total
-------------------------++-------
Melee: Short sword       ||    58
 Cast: Magic Dart        ||     6
  Use: Potion            ||     4
       Scroll            ||     4
Armor: Robe              ||     2
       Leather armour    ||     2
       Chain mail        ||    29
Dodge: Dodged            ||    26
